 Dungeon Crawl Stone Soup version 0.31-a0-66-ge618eeaa78 (webtiles) character file.

Game seed: 14871696729277105949

2499 Flugkiller the Vexing (level 9, -9/61 HPs)
             Began as an Octopode Wanderer on May 22, 2023.
             Was an Initiate of Gozag.
             Killed from afar by a steam dragon (28 damage)
             ... with a ball of steam
             ... on level 8 of the Dungeon.
             The game lasted 00:13:27 (7514 turns).

Flugkiller the Vexing (Octopode Wanderer)           Turns: 7514, Time: 00:13:27

Health: -9/61      AC:  1    Str: 13    XL:     9   Next: 53%
Magic:  13/13      EV: 16    Int: 12    God:    Gozag
Gold:   414        SH:  7    Dex: 22    Spells: 11/14 levels left

rFire   . . .        G - +7 dagger (freeze)
rCold   . . .        d - +1 buckler
rNeg    . . .        (helmet restricted)
rPois   .            y - amulet of the acrobat
rElec   .            B - +6 ring of dexterity
rCorr   .            (no ring)
SInv    .            (no ring)
Will    .....        (no ring)
Stlth   ++++         (no ring)
HPRegen 0.30/turn    (no ring)
MPRegen 0.13/turn    (no ring)
                     (no ring)

%: acrobat
@: no status effects
A: almost no armour, amphibious, 8 rings, camouflage 1, gelatinous body 1,
(nimble swimmer 1), tentacles
a: Renounce Religion, Potion Petition, Call Merchant, Bribe Branch


You were on level 8 of the Dungeon.
You worshipped Gozag.
Gozag was aware of your devotion.
You visited 1 branch of the dungeon, and saw 8 of its levels.

You collected 1174 gold pieces.
You spent 734 gold pieces at shops.
You paid 26 gold pieces to Gozag.

Inventory:

Hand Weapons
 a - a +2 dagger
 c - a +0 hand axe
 h - a +1 short sword of speed
   (You took it off an orc on level 3 of the Dungeon)
 p - a +0 long sword of draining
   (You found it on level 6 of the Dungeon)
 G - a +7 dagger of freezing (weapon)
   (You took it off a wight on level 7 of the Dungeon)
Missiles
 b - a curare-tipped dart
 f - a javelin (quivered)
 j - 5 poisoned darts
Armour
 d - a +1 buckler (worn)
Jewellery
 y - an amulet of the acrobat (around mantle)
   (You found it on level 5 of the Dungeon)
 z - an amulet of guardian spirit
   (You found it on level 5 of the Dungeon)
 B - a +6 ring of dexterity (left tentacle)
   (You bought it in a shop on level 6 of the Dungeon)
Scrolls
 e - 3 scrolls of fog
 i - 2 scrolls of silence
 k - a scroll of magic mapping
 n - 2 scrolls of enchant armour
 o - a scroll of fear {unknown}
 r - a scroll of torment {unknown}
 s - a scroll of amnesia
 t - 2 scrolls of teleportation
 v - a scroll of vulnerability {unknown}
 x - a scroll of acquirement {unknown}
 A - a scroll of brand weapon
Potions
 g - a potion of berserk rage
 l - a potion of attraction {unknown}
 m - a potion of degeneration {unknown}
 q - 7 potions of curing
 u - a potion of brilliance {unknown}
 w - a potion of heal wounds
 C - a potion of lignification {unknown}
 D - 2 potions of haste {unknown}
 E - a potion of enlightenment {unknown}
 F - 2 potions of might {unknown}


   Skills:
 - Level 5.0 Fighting
 + Level 5.6 Short Blades
 - Level 3.0 Axes
 - Level 2.0 Throwing
 + Level 5.5 Dodging
 - Level 4.0 Stealth
 - Level 4.0 Shields
 - Level 3.0 Spellcasting
 - Level 6.0 Hexes


You had 11 spell levels left.
You knew the following spells:

 Your Spells              Type           Power      Damage    Failure   Level
a - Confusing Touch       Hex            16%        N/A       9%          3

Your spell library contained the following spells:

 Spells                   Type           Power      Damage    Failure   Level
 Slow                     Hex            64%        N/A       2%          1
 Ensorcelled Hibernation  Hex/Ice        16%        N/A       17%         2
 Shock                    Conj/Air       0%         1d3       36%         1
 Sting                    Tmut/Pois      0%         1d3       36%         1
 Blink                    Tloc           2%         N/A       43%         2
 Lesser Beckoning         Tloc           2%         N/A       43%         2
 Momentum Strike          Conj/Tloc      0%         3d8       50%         2
 Passwall                 Tmut/Erth      0%         N/A       50%         2
 Poisonous Vapours        Pois/Air       0%         N/A       50%         2
 Swiftness                Air            1%         N/A       67%         3
 Vampiric Draining        Necr           1%         2d6       67%         3
 Vhi's Electric Charge    Tloc/Air       0%         N/A       75%         3
 Airstrike                Air            0%         2d(1-17)  97%         4
 Olgreb's Toxic Radiance  Pois           1%         N/A       97%         4
 Arcjolt                  Conj/Air       0%         1d10      100%        5
 Maxwell's Capacitive Co  Air            0%         ∞         100%        8


Dungeon Overview and Level Annotations

Branches:
Dungeon (8/15) Zot: 26989  Temple (0/1) D:4
   Lair: D:8-11

Altars:
Elyvilon
Fedhas
Gozag
Makhleb
Qazlal
Vehumet
Wu Jian
Yredelemnul
Zin
The Shining One

Shops:
D:3 ?   D:6 =(!   D:7 *


Innate Abilities, Weirdness & Mutations

You cannot wear most types of armour.
You are amphibious.
You can wear up to eight rings at the same time.
Your skin changes colour to match your surroundings (Stealth+).
Your rubbery body absorbs attacks. (AC +1, EV +1)
((You are camouflaged when in or above water. (Stealth+)))
You have tentacles for arms and can constrict up to eight enemies at once.


Message History

Unknown command.
Casting: Confusing Touch (dangerous; 9% risk of failure)
Confirm with . or Enter, or press ? or * to list all spells.
Your tentacles begin to glow red.
You hit the steam dragon but do no damage.
You hit the steam dragon but do no damage.
The steam dragon appears confused.
The steam dragon misses you. The steam dragon barely misses you.
You barely miss the steam dragon.
You squeeze the steam dragon, but do no damage.
You hit the steam dragon. You freeze the steam dragon.
The steam dragon is moderately wounded.
The steam dragon misses you. The steam dragon claws you.
You hit the steam dragon. You freeze the steam dragon.
The steam dragon is moderately wounded.
You hit the steam dragon. You freeze the steam dragon.
The steam dragon is heavily wounded.
The steam dragon barely misses you. x2
You hit the steam dragon. You freeze the steam dragon.
You squeeze the steam dragon.
The steam dragon is severely wounded.
The steam dragon bites itself.
The steam dragon claws itself but does no damage.
You hit the steam dragon but do no damage.
The steam dragon is almost dead.
You puncture the steam dragon! You freeze the steam dragon.
You kill the steam dragon!
No target in view!
You now have enough gold to petition Gozag for potion effects.
You now have 409 gold pieces (gained 16).
Magic restored.
A wight is nearby!
A wight is nearby!
Unknown command.
The wight misses you.
You hit the wight but do no damage. You grab the wight.
You constrict the wight, but do no damage.
The wight barely misses you.
You hit the wight.
The wight is moderately damaged.
You constrict the wight, but do no damage.
The wight misses you.
You barely miss the wight.
You squeeze the wight, but do no damage.
The wight is moderately damaged.
You constrict the wight. The wight barely misses you.
You hit the wight but do no damage. You squeeze the wight.
The wight is heavily damaged.
You constrict the wight, but do no damage.
The wight closely misses you.
You hit the wight. You squeeze the wight.
The wight is severely damaged.
You constrict the wight.
You destroy the wight!
You now have 414 gold pieces (gained 5).
Things that are here:
a +0 broad axe; a +0 robe No target in view!
Done exploring.
Done exploring.
Done exploring.
Unknown command.
Okay, then.
(D) Dungeon (T) Temple
Where to? (Enter - D:7, ? - help)
There is a stone staircase leading down here.
You climb downwards.
Found four items.
Found a radiant altar of Vehumet.
There is a stone staircase leading up here.
There are monsters nearby!
Unknown command.
The hornet is engulfed in blazing flames.
The steam dragon hisses angrily.
The bullfrog croaks.
You hear an angry buzzing noise.
The steam dragon completely misses you. x2
You hit the steam dragon. You freeze the steam dragon.
Your squeeze misses the steam dragon.
The steam dragon is moderately wounded.
You hit the steam dragon. You freeze the steam dragon.
You squeeze the steam dragon.
The steam dragon is severely wounded.
The steam dragon breathes steam at you. The ball of steam hits you!!
The bullfrog gives a loud, deep croak!
You are too injured to fight recklessly!
You are engulfed in a cloud of scalding steam.
You hit the steam dragon. You freeze the steam dragon.
The steam dragon is almost dead.
The steam dragon misses you. The steam dragon closely misses you.
You hit the steam dragon. You freeze the steam dragon.
The steam dragon is almost dead.
The steam dragon closely misses you. The steam dragon claws you.
You hit the steam dragon. You freeze the steam dragon.
The steam dragon is almost dead.
You closely miss the steam dragon.
The steam dragon is almost dead.
The steam dragon breathes steam at you. The ball of steam hits you!!
You die...
Your body crumbles into a pile of gold.

.....P....[
#####....P... .
.........y.####
..#####........○y..
...........<...○.☼.
.........F......☼..
.........#.##..☼.☼§
...#.###D.##.#.[☼...
.......@........##.?
...#.#########.## #
..# .# .


You could see a hornet (wandering), a steam dragon (catching breath) and a
bullfrog.

Vanquished Creatures
  Grinder (D:6)
  A steam dragon (D:7)
  2 water moccasins
  3 ice beasts (D:6)
  A sky beast (D:6)
  2 orc warriors
  A black bear (D:5)
  2 centaurs
  A phantom (D:5)
  2 bullfrogs
  3 wights (D:7)
  2 hounds (D:6)
  4 jellies
  7 orc priests
  A sleepcap (D:6)
  2 iguanas (D:5)
  2 orc wizards
  Robin (D:4)
  9 adders
  A gnoll (D:1)
  2 shadow imps
  2 ufetubi (D:4)
  2 worms
  A dart slug (D:1)
  44 orcs
  2 endoplasms
  2 giant cockroaches
  10 hobgoblins
  3 quokkas
  11 ball pythons
  5 bats
  A frilled lizard (D:1)
  18 goblins
  6 kobolds
  7 rats
164 creatures vanquished.

Notes
Turn   | Place    | Note
-------+----------+-------------------------------------------
     0 | D:1      | Flugkiller the Octopode Wanderer began the quest for the
                  | Orb.
     0 | D:1      | Flugkiller set off with the following items: a +2 dagger, a
                  | curare-tipped dart, a +0 hand axe, a +0 buckler, a scroll
                  | of fog.
     0 | D:1      | Reached XP level 1. HP: 14/14 MP: 2/2
   151 | D:1      | Reached skill level 1 in Stealth
   232 | D:1      | Reached XP level 2. HP: 19/19 MP: 3/3
   705 | D:1      | Reached XP level 3. HP: 10/25 MP: 4/4
  1460 | D:2      | Reached XP level 4. HP: 28/30 MP: 5/5
  1764 | D:3      | Found a basalt altar of Yredelemnul.
  1770 | D:3      | Found an opulent altar of Gozag.
  1770 | D:3      | Found an ornate altar of the Wu Jian Council.
  1778 | D:3      | Became a worshipper of Gozag Ym Sagoz the Greedy
  1835 | D:3      | Reached skill level 1 in Dodging
  2110 | D:3      | Reached XP level 5. HP: 10/36 MP: 6/6
  2375 | D:3      | Found The Oracle's Delphic Readings.
  2379 | D:3      | Bought a scroll of teleportation for 30 gold pieces
  2402 | D:3      | Found a blossoming altar of Fedhas.
  2722 | D:3      | Bought a book of Debilitation for 200 gold pieces
  2938 | D:4      | Noticed Robin
  2969 | D:4      | Killed Robin
  3195 | D:4      | Reached XP level 6. HP: 43/43 MP: 7/7
  3396 | D:4      | Found a staircase to the Ecumenical Temple.
  3494 | D:4      | Found a glowing golden altar of the Shining One.
  4059 | D:5      | Entered Level 5 of the Dungeon
  4216 | D:5      | Noticed a black bear
  4233 | D:5      | Killed a black bear
  4238 | D:5      | Learned a level 3 spell: Confusing Touch
  4296 | D:5      | Reached XP level 7. HP: 48/48 MP: 9/9
  4467 | D:5      | Reached skill level 1 in Short Blades
  4467 | D:5      | Reached skill level 1 in Hexes
  4899 | D:5      | Reached skill level 2 in Hexes
  5221 | D:5      | Reached skill level 3 in Hexes
  5221 | D:5      | Reached XP level 8. HP: 54/54 MP: 12/12
  5381 | D:5      | Found a glowing silver altar of Zin.
  5381 | D:5      | Noticed an angel
  5585 | D:6      | Found the +5 robe of Misfortune {Harm *Corrode *Slow EV+5}
  5618 | D:6      | Found Epuvil's Jewellery Shoppe.
  5830 | D:6      | Reached skill level 4 in Hexes
  5864 | D:6      | Found a white marble altar of Elyvilon.
  5900 | D:6      | Found Wuib's Weapon Boutique.
  5988 | D:6      | Found a stormy altar of Qazlal.
  6010 | D:6      | Found Ocweamiy's Distillery.
  6066 | D:6      | Noticed Grinder
  6142 | D:6      | Bought a +6 ring of dexterity for 504 gold pieces
  6268 | D:6      | Reached skill level 5 in Hexes
  6277 | D:6      | Reached skill level 6 in Hexes
  6660 | D:6      | Killed Grinder
  6661 | D:6      | Reached XP level 9. HP: 59/59 MP: 9/13
  7012 | D:7      | Found Zyr Vuun's Gadget Gallery.
  7263 | D:7      | Reached skill level 5 in Fighting
  7263 | D:7      | Reached skill level 5 in Short Blades
  7263 | D:7      | Reached skill level 5 in Dodging
  7425 | D:7      | Found a burning altar of Makhleb.
  7437 | D:7      | Noticed a cacodemon
  7503 | D:8      | Noticed a hornet
  7503 | D:8      | Found a radiant altar of Vehumet.
  7514 | D:8      | Killed from afar by a steam dragon

Illustrated notes

Levels and vault maps discovered:
D:1:      dpeg_arrival_central, layout_basic
D:2:      layout_basic
D:3:      wad_crossroads, layout_rooms, lemuel_coloured_pillars_altar,
          general_overflow_altar, gammafunk_temple_overflow_elements,
          nicolae_nh_oracle_at_delphi
D:4:      layout_basic, marbit_many_paths, minmay_temple_entry_junction,
          corexii_leaking_fountain, minmay_close_crescents, uniq_robin
D:5:      layout_cave_pods, zin_angel, chequers_serial_rivers_small_a,
          roderic_roman_lattice, chequers_serial_rivers_room_b,
          corexii_item_surrounded_by_moat
D:6:      layout_basic, nicolae_qazlal_scattered_showers, elyvilon_altar_4,
          serial_shops, nicolae_shop_temple_entry_statues_fountains, shop,
          shop_fountains, minmay_starry_boxes, uniq_grinder
D:7:      layout_rooms, makhleb_altar_promises_db, nicolae_shop_gadgets
D:8:      layout_loops_cross, kennysheep_okawaru_gauntlet, fiery_altar_vehumet,
          mainiacjoe_overflow_paths, grunt_lair_entry_orc_guard_hut,
          serial_shops, nicolae_shop_hallway_plus

Skill      XL: |  1  2  3  4  5  6  7  8  9 |
---------------+----------------------------+-----
Stealth        | 2 3 4 |  4.0
Shields        | 3 4 |  4.0
Dodging        | 1 2 4 5 |  5.5
Fighting       | 3 4 5 |  5.0
Short Blades   | 3 4 5 |  5.6
Spellcasting   | 3 |  3.0
Hexes          | 3 6 |  6.0
Axes           | |  3.0
Throwing       | |  2.0

Action                     |  1- 3 |  4- 6 |  7- 9 || total
---------------------------+-------+-------+-------++-------
  Melee: Dagger            |    51 |    23 |    37 ||   111
         Tentacles         |    11 |    44 |    61 ||   116
         Constrict         |    14 |    56 |    36 ||   106
         Short sword       |       |   154 |   187 ||   341
         Punch             |       |     3 |     9 ||    12
  Throw: Dart              |     5 |     5 |    15 ||    25
         Javelin           |     1 |     1 |    18 ||    20
   Cast: Confusing Touch   |       |       |     3 ||     3
  Evoke: Wand              |       |     1 |     8 ||     9
    Use: Scroll            |       |     2 |     6 ||     8
         Potion            |       |     2 |     1 ||     3
   Stab: Sleeping          |     4 |    15 |     4 ||    23
         Distracted        |       |       |     1 ||     1
         Confused          |       |       |     1 ||     1
 Armour: Skin              |     3 |     7 |     5 ||    15
  Dodge: Dodged            |    21 |    66 |    90 ||   177
  Block: Buckler           |     6 |    31 |    34 ||    71

Table legend: (Time is in decaauts)
 A = Elapsed time spent in this place.
 B = Non-inter-level travel time spent in this place.
 C = Inter-level travel time spent in this place.
 D = Time resting spent in this place.
 E = Time spent auto-exploring this place.
 F = Levels seen in this place.
 G = Mean time per level.
                   A        B        C        D        E       F      G
               +--------+--------+--------+--------+--------+-----+--------+
         Total |   7411 |   7149 |    262 |   1270 |   4060 |   8 |  926.4 |
       Dungeon |   7411 |   7149 |    262 |   1270 |   4060 |   8 |  926.4 |
               +--------+--------+--------+--------+--------+-----+--------+

Top non-repeatable levels by time:
     D:5: 1602 daAuts
     D:4: 1295 daAuts
     D:6: 1206 daAuts
     D:3: 970 daAuts
     D:1: 940 daAuts
     D:2: 825 daAuts
     D:7: 561 daAuts
     D:8: 9 daAuts
